AoeStats
← Bandolero

Arabia

508220104Analyzed
1v1 RM · 10d ago on Sep 21, 2026· 44m 3s· 2 players
Game mode
Random Map
Map size
Tiny (2 player)
Population
200
Speed
Normal
Resources
Standard
Victory
Conquest
Starting age
Dark Age
Ending age
Imperial Age
RankedLock teamsTeams togetherTeam positionsShared explorationLock speedFull tech treeHidden civsTurbo modeCheats
Victory
Defeat
🇮🇹 Chinese · Italy
1398
+17
🇦🇷 Maya · Argentina
1409
-17
Lil'Jack
0:29 Loom
8:50 Feudal Age
10:18 Double-Bit Axe
14:01 Fletching
17:07 Wheelbarrow
20:17 Castle Age
19:10 Bloodlines
19:11 Horse Collar
19:49 Padded Archer Armor
20:31 Elite Skirmisher
21:59 Bodkin Arrow
25:19 Scale Barding Armor
28:38 Chain Barding Armor
28:34 Leather Archer Armor
28:56 Stone Mining
29:01 Gold Mining
29:24 Bow Saw
29:52 Heavy Plow
29:42 Town Watch
31:13 Forging
32:30 Husbandry
38:50 Imperial Age
37:03 Husbandry
37:27 Devotion
38:00 Thumb Ring
40:09 Plate Barding Armor
38:56 Cavalier
40:37 Iron Casting
41:56 Bracer
Bandolero
0:26 Loom
8:56 Feudal Age
9:26 Double-Bit Axe
14:43 Fletching
16:15 Padded Archer Armor
23:20 Castle Age
21:48 Gold Mining
23:29 Crossbowman
24:18 Bodkin Arrow
24:45 Bow Saw
24:57 Leather Archer Armor
28:28 Wheelbarrow
28:23 Town Watch
38:18 Imperial Age
35:53 Stone Mining
37:50 Stone Shaft Mining
37:34 Thumb Ring
38:44 Ballistics
38:43 Scale Mail Armor
38:56 Forging
40:05 Chemistry
38:26 Arbalester
39:09 Bracer
40:19 Conscription
41:16 Ring Archer Armor
41:32 Elite Skirmisher
Connection lost

Rejoining the realm…

Still unreachable

The connection could not be restored.

Session expired

The server has moved on; the page needs a fresh start.